[Event "Late-Titled-Tuesday-Blitz-May-28-2024"]
[Site "Chess.com"]
[Date "2024.05.28"]
[Round "1"]
[White "ozates"]
[Black "RAU4ever"]
[Result "1-0"]
[WhiteElo "2622"]
[BlackElo "2335"]
[TimeControl "180+1"]
[EndTime "14:01:55 PDT"]
[Termination "ozates won by resignation"]

1. e4 c6 2. d4 d5 3. exd5 cxd5 4. c4 Nf6 5. Nc3 Nc6 6. Nf3 Bg4 7. cxd5 Nxd5 8. Qb3 Bxf3 9. gxf3 Nxd4 10. Bb5+ Nxb5 11. Qxb5+ Qd7 12. Qxd7+ Kxd7 13. Nxd5 e6 14. Nc3 Bc5 15. Be3 Bb4 16. O-O-O+ Ke7 17. Bd4 Rhg8 18. Rhe1 g6 19. Nd5+ 1-0

[Event "Late-Titled-Tuesday-Blitz-May-28-2024"]
[Site "Chess.com"]
[Date "2024.05.28"]
[Round "1"]
[White "bancsoo"]
[Black "colegiodemadrid"]
[Result "1-0"]
[WhiteElo "2929"]
[BlackElo "2504"]
[TimeControl "180+1"]
[EndTime "14:02:17 PDT"]
[Termination "bancsoo won by resignation"]

1. Nf3 Nf6 2. g3 g6 3. Bg2 Bg7 4. d4 O-O 5. c4 d6 6. Nc3 Bf5 7.
Nh4 Bc8 8. O-O e5 9. Nf3 Nc6 10.
dxe5 dxe5 11. Be3 Be6 12. Qa4 Qe8 13. Rfd1 a6 14. Bc5 h6 15. Bxf8 Bxf8 16. Nd5 Qd8 17.
Nb6 1-0

[Event "Late-Titled-Tuesday-Blitz-May-28-2024"]
[Site "Chess.com"]
[Date "2024.05.28"]
[Round "1"]
[White "Konavets"]
[Black "Defend1r"]
[Result "1-0"]
[WhiteElo "3083"]
[BlackElo "2533"]
[TimeControl "180+1"]
[EndTime "14:02:21 PDT"]
[Termination "Konavets won by resignation"]

1. e4 c5 2. Nf3 d6 3. Qe2 g6 4. g3 Bg7 5. Bg2 Nf6 6. O-O O-O 7. c3 e5 8. a4 b6 9. Na3 Ba6 10. d3 Nc6 11. Rd1 Re8 12. Bg5 h6 13.
Bxf6 Bxf6 14. Nc4 Bg7 15. Ne3 Ne7 16. Nd2 Rc8 17. h4 f5 18. h5 f4 19. Nd5 Nxd5 20.
exd5 g5 21. Be4 Rf8 22. Qg4 Rc7 23. Qe6+ Kh8 24. Qg6 Kg8 25. Qh7+ Kf7 26. Bg6+ 1-0

[Event "Late-Titled-Tuesday-Blitz-May-28-2024"]
[Site "Chess.com"]
[Date "2024.05.28"]
[Round "1"]
[White "Truequitos"]
[Black "WolfBaoBaoLang"]
[Result "1-0"]
[WhiteElo "2551"]
[BlackElo "2111"]
[TimeControl "180+1"]
[EndTime "14:02:21 PDT"]
[Termination "Truequitos won by resignation"]

1. Nf3 Nf6 2. g4 Nxg4 3. e4 e6 4. d4 d5 5. Nc3 dxe4 6. Nxe4 Nf6 7. Bd3 Be7 8. Rg1 Nxe4 9. Bxe4 g6 10. Bh6 Bf6 11. Qd2 1-0

[Event "Late-Titled-Tuesday-Blitz-May-28-2024"]
[Site "Chess.com"]
[Date "2024.05.28"]
[Round "1"]
[White "temus_galaktionov"]
[Black "lrjchess"]
[Result "1-0"]
[WhiteElo "2874"]
[BlackElo "2477"]
[TimeControl "180+1"]
[EndTime "14:02:24 PDT"]
[Termination "temus_galaktionov won by resignation"]

1. d4 Nf6 2. Nf3 g6 3. c4 d6 4. Nc3 Bg7 5. e4 O-O 6. Be2 c5 7. d5 e6 8. h3 Re8 9. O-O exd5 10. exd5 Ne4 11. Nxe4 Rxe4 12. Bd3 Re8 13. Qc2 Nd7 14. Bf4 Ne5 15. Nxe5 Bxe5 16. Bxe5 Rxe5 17. Rae1 Rxe1 18. Rxe1 Bd7 19. Qc3 Qg5 20. Bf1 b6 21. g3 Re8 22. h4 Qd8 23. Rxe8+ Qxe8 24. h5 gxh5 25. Qf6 Qe5 26. Qd8+ Kg7 27. Qxd7 1-0

[Event "Late-Titled-Tuesday-Blitz-May-28-2024"]
[Site "Chess.com"]
[Date "2024.05.28"]
[Round "1"]
[White "Hirna2005"]
[Black "terrortoast"]
[Result "1-0"]
[WhiteElo "2367"]
[BlackElo "2624"]
[TimeControl "180+1"]
[EndTime "14:02:49 PDT"]
[Termination "Hirna2005 won by resignation"]

1. e4 c6 2. Nc3 d5 3. Nf3 dxe4 4. Nxe4 Nf6 5. Qe2 Nxe4 6. Qxe4 Be6 7. Bd3 Nd7 8. O-O Nc5 9. Qe2 Nxd3 10. cxd3 Bf5 11. d4 e6 12. b3 Be7 13. Bb2 O-O 14. Ne5 a5 15. g4 Bg6 16. f4 Qc8 17. f5 exf5 18.
Nxg6 hxg6 19. Qxe7 fxg4 20. Rae1 a4 21. Ba3 Rd8 22.
Rxf7 1-0

[Event "Late-Titled-Tuesday-Blitz-May-28-2024"]
[Site "Chess.com"]
[Date "2024.05.28"]
[Round "1"]
[White "grozdanovic_a"]
[Black "Maikrosoft63"]
[Result "0-1"]
[WhiteElo "2310"]
[BlackElo "2608"]
[TimeControl "180+1"]
[EndTime "14:02:56 PDT"]
[Termination "Maikrosoft63 won by resignation"]

1. e4 c5 2. Nf3 Nc6 3. g3 g6 4.
Bg2 Bg7 5. O-O e6 6. d3 Nge7 7.
c3 O-O 8. Be3 b6 9. Nbd2 Ba6 10.
Qe2 d5 11. exd5 exd5 12. Rad1 Nf5 13. Nb1 Re8 14. Qd2 Nxe3 15. fxe3 Bh6 16. Rfe1 d4 17.
cxd4 cxd4 18. Nxd4 Nxd4 19. Bxa8 Qxa8 20. Qf2 Nf3+ 21.
Kf1 Nxe1 22. Rxe1 Bxd3+ 23. Kg1 Bxb1 0-1

[Event "Late-Titled-Tuesday-Blitz-May-28-2024"]
[Site "Chess.com"]
[Date "2024.05.28"]
[Round "1"]
[White "Smoking_Crow"]
[Black "luca_va99"]
[Result "1-0"]
[WhiteElo "2558"]
[BlackElo "2166"]
[TimeControl "180+1"]
[EndTime "14:03:07 PDT"]
[Termination "Smoking_Crow won by resignation"]

1. e4 d5 2. exd5 Qxd5 3. Nc3 Qe5+ 4. Be2 Bg4 5. d4 Bxe2 6. Ngxe2 Qa5 7. O-O Nf6 8. Ng3 Nc6 9. Be3 O-O-O 10. Nce2 e5 11. c3 exd4 12. Nxd4 Nxd4 13. Bxd4 c5 14. b4 Qc7 15.
bxc5 Bxc5 16. Qa4 Kb8 17. Rab1 Ne4 18. Nxe4 Bxd4 19. cxd4 Rhe8 20. Nc5 1-0

[Event "Late-Titled-Tuesday-Blitz-May-28-2024"]
[Site "Chess.com"]
[Date "2024.05.28"]
[Round "1"]
[White "swayamsm"]
[Black "Lavandum24"]
[Result "1-0"]
[WhiteElo "2539"]
[BlackElo "1785"]
[TimeControl "180+1"]
[EndTime "14:03:08 PDT"]
[Termination "swayamsm won by checkmate"]

1. d4 Nc6 2. d5 Ne5 3. e4 Ng6 4. h4 h5 5. Be2 Nf6 6. Nc3 e5 7. Bg5 Be7 8. g3 d6 9. Bxf6 gxf6 10. Bxh5 f5 11. Bf3 f4 12. Qd2 fxg3 13. fxg3 f5 14.
O-O-O f4 15. h5 Nf8 16. gxf4 exf4 17. h6 Bg5 18. Bh5+ Ke7 19. Nf3 Bxh6 20. Qd4 Nd7 21. e5 Bg7 22. exd6+ Kxd6 23. Qb4+ c5 24. dxc6+ Kxc6 25. Qd6# 1-0

[Event "Late-Titled-Tuesday-Blitz-May-28-2024"]
[Site "Chess.com"]
[Date "2024.05.28"]
[Round "1"]
[White "Slovak_fighter2000"]
[Black "BillCoe"]
[Result "1-0"]
[WhiteElo "2549"]
[BlackElo "2086"]
[TimeControl "180+1"]
[EndTime "14:03:10 PDT"]
[Termination "Slovak_fighter2000 won by resignation"]

1. d4 d5 2. Nf3 e6 3. c4 Be7 4. Nc3 Nf6 5. cxd5 exd5 6. Bg5 c6 7. e3 Bf5 8. Be2 O-O 9. O-O Ne4 10. Bf4 Nxc3 11. bxc3 b6 12. h3 Nd7 13. c4 Nf6 14. Ne5 Qc8 15. Rc1 c5 16. dxc5 Bxc5 17. cxd5 Rd8 18.
Bf3 Be4 19. Nc6 Rd7 20. Bxe4 Nxe4 21. Qg4 Rxd5 22. Ne7+ 1-0

[Event "Late-Titled-Tuesday-Blitz-May-28-2024"]
[Site "Chess.com"]
[Date "2024.05.28"]
[Round "1"]
[White "Eloist"]
[Black "BAS8892"]
[Result "1-0"]
[WhiteElo "2451"]
[BlackElo "2736"]
[TimeControl "180+1"]
[EndTime "14:03:19 PDT"]
[Termination "Eloist won by resignation"]

1. e4 e6 2. d4 d5 3. Nd2 c5 4. exd5 exd5 5. Bb5+ Nc6 6. Ngf3 Bd6 7. dxc5 Bxc5 8.
O-O Ne7 9. Nb3 Bd6 10. Bg5 O-O 11. Bh4 Nf5 12. Bxd8 Rxd8 13. Nbd4 Ncxd4 14. Nxd4 Nxd4 15.
Qxd4 Be6 16. Bd3 h6 17. Rfe1 Rac8 18. c3 a6 19. Rad1 Bc5 20. Qf4 Rc6 21. Bf5 Bxf5 22.
Qxf5 Rf6 23. Re5 Rxf5 24. Rxf5 b6 25. Rfxd5 Re8 26. Rd8 Kf8 27. Kf1 a5 28. R1d7 h5 29.
Rxe8+ Kxe8 30. Rb7 h4 31. Ke2 g5 32. b4 axb4 33. cxb4 Bxb4 34. Rxb6 Be7 35. Rb7 Bd6 36. a4 Bxh2 37. a5 Kd8 38. a6 Kc8 39. Rxf7 Kb8 40. Kf3 Bg1 41. Kg4 1-0

[Event "Late-Titled-Tuesday-Blitz-May-28-2024"]
[Site "Chess.com"]
[Date "2024.05.28"]
[Round "1"]
[White "BenchGM"]
[Black "Manukyan_Artak"]
[Result "1/2-1/2"]
[WhiteElo "2236"]
[BlackElo "2566"]
[TimeControl "180+1"]
[EndTime "14:03:38 PDT"]
[Termination "Game drawn by repetition"]

1. d4 Nf6 2. Nf3 g6 3. Nc3 Bg7 4. e4 O-O 5. Be2 d5 6. e5 Ne4 7. O-O Nxc3 8. bxc3 Bg4 9. h3 Bxf3 10. Bxf3 e6 11.
Bd2 Nd7 12. a4 Nb6 13. a5 Nc4 14. Be2 c5 15. Bxc4 dxc4 16. Be3 Qd5 17. Rb1 Rab8 18. f4 cxd4 19. Qxd4 Qxa5 20. Qxc4 Rfc8 21. Qb4 Qxb4 22. Rxb4 Rxc3 23. Bxa7 Rbc8 24. Rxb7 Rxc2 25. Rd1 Rc1 26. Rd7 Rxd1+ 27. Rxd1 h5 28. g4 hxg4 29. hxg4 Rc4 30.
Bd4 Bf8 31. Kf2 g5 32. fxg5 Rxd4 33. Rxd4 Bc5 34. Ke3 Kg7 35. Ke4 Bxd4 36. Kxd4 Kg6 37. Ke4 Kxg5 38. Kf3 Kg6 39. Kg3 Kg5 40. Kf3 Kg6 41.
Kg3 Kg5 42. Kf3 1/2-1/2

[Event "Late-Titled-Tuesday-Blitz-May-28-2024"]
[Site "Chess.com"]
[Date "2024.05.28"]
[Round "1"]
[White "Lennis93"]
[Black "Smiechu"]
[Result "1-0"]
[WhiteElo "2781"]
[BlackElo "2444"]
[TimeControl "180+1"]
[EndTime "14:03:49 PDT"]
[Termination "Lennis93 won by checkmate"]

1. b3 e5 2. Bb2 Nc6 3. e3 Nf6 4. Nf3 Bd6 5. d4 exd4 6. exd4 Qe7+ 7. Be2 O-O 8. O-O b6 9. Re1 Qd8 10. d5 Ne7 11. Bxf6 gxf6 12. c4 Be5 13. Nbd2 Bxa1 14. Qxa1 Ng6 15. Ne4 Kg7 16. d6 cxd6 17. Nxd6 Qe7 18.
Nf5+ Kg8 19. Nxe7+ Nxe7 20. Qxf6 Ng6 21. h4 Re8 22.
Bd3 Bb7 23. h5 Nf8 24. h6 Rxe1+ 25. Kh2 Ne6 26. Bxh7+ Kxh7 27. Ng5+ Nxg5 28. Qg7# 1-0

[Event "Late-Titled-Tuesday-Blitz-May-28-2024"]
[Site "Chess.com"]
[Date "2024.05.28"]
[Round "1"]
[White "FredddieCroderg"]
[Black "djano"]
[Result "0-1"]
[WhiteElo "2284"]
[BlackElo "2599"]
[TimeControl "180+1"]
[EndTime "14:04:01 PDT"]
[Termination "djano won by resignation"]

1. e4 c5 2. Nf3 g6 3. Bc4 Bg7 4. O-O Nc6 5. c3 d6 6. h3 Nf6 7. Re1 e5 8. d3 O-O 9. a4 Nd7 10. Bg5 Bf6 11. Bh6 Bg7 12. Bg5 Bf6 13. Bh6 Re8 14. Qd2 Nb6 15. Ba2 Be6 16. Bxe6 Rxe6 17.
a5 Nd7 18. Ng5 Bxg5 19. Bxg5 f6 20. Be3 Nxa5 21. d4 Nb3 22. Qd3 Nxa1 23. Qc4 Nf8 24. Nd2 Nc2 25. Rd1 Nxe3 26. fxe3 cxd4 27. exd4 exd4 28.
Nf3 Rc8 29. Qb3 dxc3 30. Nd4 c2 0-1

[Event "Late-Titled-Tuesday-Blitz-May-28-2024"]
[Site "Chess.com"]
[Date "2024.05.28"]
[Round "1"]
[White "Sinquefield"]
[Black "HansOnTwitch"]
[Result "0-1"]
[WhiteElo "2536"]
[BlackElo "3132"]
[TimeControl "180+1"]
[EndTime "14:04:05 PDT"]
[Termination "HansOnTwitch won by resignation"]

1. d4 Nf6 2. Nf3 b6 3. Bg5 Bb7 4. Nbd2 g6 5. e3 Bg7 6. Be2 O-O 7. O-O d6 8. c3 Nbd7 9. Re1 e5 10. dxe5 dxe5 11.
e4 h6 12. Bxf6 Qxf6 13. Qc2 Qe7 14. Rad1 Nc5 15. Bc4 Rad8 16. b4 Ne6 17. Nf1 h5 18. Ne3 c6 19. b5 cxb5 20. Bd5 Nc5 21. Bxb7 Qxb7 22. Nd5 f5 23. Ng5 fxe4 24. c4 Nd3 25.
Rxd3 exd3 26. Qxd3 Rf5 27. Ne6 Rd7 28. cxb5 Qxd5 0-1

[Event "Late-Titled-Tuesday-Blitz-May-28-2024"]
[Site "Chess.com"]
[Date "2024.05.28"]
[Round "1"]
[White "NeverGiveUppp"]
[Black "bipe137"]
[Result "1-0"]
[WhiteElo "2495"]
[BlackElo "2662"]
[TimeControl "180+1"]
[EndTime "14:04:10 PDT"]
[Termination "NeverGiveUppp won by resignation"]

1. e4 c5 2. Nf3 e6 3. c4 Nc6 4. Nc3 Nf6 5. d4 cxd4 6. Nxd4 Bb4 7. Nxc6 dxc6 8. Bd3 e5 9. Kf1 h6 10. h3 Be6 11. Be3 Qe7 12. Qe2 O-O 13. Kg1 Rfd8 14.
Kh2 Nd7 15. Rhd1 Nc5 16. Bc2 Bxc3 17. bxc3 b6 18. f4 exf4 19. Bxf4 Qf6 20. Qe3 Bxc4 21.
e5 Qe7 22. Rd4 Be6 23. Bxh6 f6 24. exf6 gxf6 25. Re1 Qf7 26. Qg3+ Kh8 27. Rh4 1-0

[Event "Late-Titled-Tuesday-Blitz-May-28-2024"]
[Site "Chess.com"]
[Date "2024.05.28"]
[Round "1"]
[White "NikaVolkov"]
[Black "Robert_Oros"]
[Result "1-0"]
[WhiteElo "2755"]
[BlackElo "2432"]
[TimeControl "180+1"]
[EndTime "14:04:14 PDT"]
[Termination "NikaVolkov won by resignation"]

1. d4 e6 2. Nf3 f5 3. c4 Nf6 4.
Nc3 Bb4 5. Qb3 c5 6. a3 Bxc3+ 7.
Qxc3 cxd4 8. Nxd4 Nc6 9. e3 O-O 10. Be2 d6 11. O-O e5 12. Nf3 a5 13. b3 Qe7 14. Bb2 Ne4 15. Qc2 Nc5 16. Rad1 f4 17.
Bc3 Bf5 18. Qb2 g5 19. Ne1 Ne4 20. f3 Nxc3 21. Qxc3 fxe3 22. Qxe3 Rae8 23. Bd3 Nd4 24. Bxf5 Rxf5 25. Rf2 Qf6 26. Rxd4 1-0

[Event "Late-Titled-Tuesday-Blitz-May-28-2024"]
[Site "Chess.com"]
[Date "2024.05.28"]
[Round "1"]
[White "Felix-Rose"]
[Black "tactic"]
[Result "0-1"]
[WhiteElo "2275"]
[BlackElo "2595"]
[TimeControl "180+1"]
[EndTime "14:04:16 PDT"]
[Termination "tactic won by resignation"]

1. e4 c5 2. Nf3 d6 3. d4 cxd4 4. Nxd4 g6 5. Nc3 Bg7 6. Be3 Nf6 7. f3 O-O 8. Qd2 Nc6 9. O-O-O Nd7 10. h4 h5 11. g4 hxg4 12. h5 Nxd4 13. Bxd4 Bxd4 14. Qxd4 g5 15. h6 Ne5 16. Rh5 f6 17. h7+ Kh8 18. Nd5 gxf3 19. Bd3 Be6 20. Ne3 Qb6 21. Qxb6 axb6 22.
a3 g4 23. Nf5 Bxf5 24. exf5 g3 25. Be4 Ra4 26. Bd5 Rg4 27. Rh3 g2 0-1

[Event "Late-Titled-Tuesday-Blitz-May-28-2024"]
[Site "Chess.com"]
[Date "2024.05.28"]
[Round "1"]
[White "DanielNaroditsky"]
[Black "jaskol95"]
[Result "1-0"]
[WhiteElo "3076"]
[BlackElo "2532"]
[TimeControl "180+1"]
[EndTime "14:04:17 PDT"]
[Termination "DanielNaroditsky won by resignation"]

1. e4 e6 2. d4 d5 3. e5 c5 4. Nf3 cxd4 5. Bd3 Nc6 6. O-O Nge7 7. Re1 Ng6 8. Nbd2 Qc7 9. Bxg6 hxg6 10. Nb3 b6 11. Nbxd4 Nxd4 12. Nxd4 Bd7 13. c3 Be7 14.
Bf4 Kf8 15. Qf3 Kg8 16. h3 b5 17.
a3 a5 18. Qg3 Rb8 19. Bg5 Bf8 20. b4 Rh5 21. h4 a4 22. Re3 Rc8 23. Rf3 Be8 24. Re1 Be7 25. Qf4 Bxg5 26. hxg5 Qc4 27. Qd2 Qb3 28. Nxb3 1-0

[Event "Late-Titled-Tuesday-Blitz-May-28-2024"]
[Site "Chess.com"]
[Date "2024.05.28"]
[Round "1"]
[White "Rodalquilar"]
[Black "King_Deded4d5"]
[Result "1-0"]
[WhiteElo "2804"]
[BlackElo "2453"]
[TimeControl "180+1"]
[EndTime "14:04:19 PDT"]
[Termination "Rodalquilar won by resignation"]

1. d4 d5 2. Nf3 Nf6 3. Bf4 c5 4. e3 Nc6 5. c3 Qb6 6. Qc2 cxd4 7. exd4 Bf5 8. Qb3 e6 9. Nbd2 h6 10. Qxb6 axb6 11. Bb5 Nd7 12. h3 Be7 13. O-O f6 14. Rfe1 Kf7 15. g4 Bh7 16. Kg2 Rhc8 17.
a3 Ra5 18. a4 Raa8 19. h4 Ndb8 20. Re2 Na7 21. Rae1 Nxb5 22. axb5 Bd8 23. Rxe6 Ra5 24.
Bxb8 Rxb8 25. Rd6 Rxb5 26. Rd7+ Kf8 27. b4 Rc8 28. h5 Bg8 29. Nh4 Bf7 30. Ng6+ Kg8 1-0

[Event "Late-Titled-Tuesday-Blitz-May-28-2024"]
[Site "Chess.com"]
[Date "2024.05.28"]
[Round "1"]
[White "ReadySkate"]
[Black "neilbhav"]
[Result "1-0"]
[WhiteElo "2713"]
[BlackElo "2413"]
[TimeControl "180+1"]
[EndTime "14:04:20 PDT"]
[Termination "ReadySkate won by resignation"]

1. d4 d5 2. c4 e6 3. Nc3 Be7 4. cxd5 exd5 5. Bf4 c6 6. e3 Bd6 7. Bxd6 Qxd6 8. Bd3 Ne7 9. Nf3 Bf5 10. O-O O-O 11. Re1 Bxd3 12. Qxd3 Qg6 13. e4 dxe4 14. Nxe4 Nd5 15.
Ne5 Qh6 16. Qb3 b6 17. Rac1 Rd8 18. Ng3 Qg5 19. Qf3 f6 20. Nxc6 Nxc6 21. Rxc6 Rac8 22. Rxc8 Rxc8 23. h4 1-0

[Event "Late-Titled-Tuesday-Blitz-May-28-2024"]
[Site "Chess.com"]
[Date "2024.05.28"]
[Round "1"]
[White "yujiarun18"]
[Black "slidingknight2775"]
[Result "0-1"]
[WhiteElo "2267"]
[BlackElo "2590"]
[TimeControl "180+1"]
[EndTime "14:04:24 PDT"]
[Termination "slidingknight2775 won by resignation"]

1. e4 c5 2. Nf3 d6 3. d4 cxd4 4. Nxd4 Nf6 5. Nc3 a6 6. f3 e5 7. Nb3 Be6 8. Be3 h5 9. Qd2 Nbd7 10. O-O-O Rc8 11. h3 b5 12. Kb1 Be7 13. Nd5 Bxd5 14.
exd5 Nb6 15. Bxb6 Qxb6 16. g4 hxg4 17. fxg4 Ne4 18. Qg2 Nf2 19. Qg1 Rb8 20. Bd3 Nxh1 21. Qxh1 a5 22. Qf3 a4 23. Nd2 a3 24. b3 Qd4 25. Bxb5+ Rxb5 26. Nc4 Qxc4 27. Rf1 Qd4 28. c3 Qd2 29. Qxf7+ Kd8 0-1

[Event "Late-Titled-Tuesday-Blitz-May-28-2024"]
[Site "Chess.com"]
[Date "2024.05.28"]
[Round "1"]
[White "Arteler"]
[Black "YurasovMat-2012"]
[Result "0-1"]
[WhiteElo "2263"]
[BlackElo "2587"]
[TimeControl "180+1"]
[EndTime "14:04:28 PDT"]
[Termination "YurasovMat-2012 won by resignation"]

1. d4 d5 2. c4 c6 3. Nc3 Nf6 4. Nf3 dxc4 5. a4 Bf5 6. e3 Na6 7.
Nh4 e6 8. Nxf5 exf5 9. Bxc4 Nb4 10. Qb3 Qd7 11. O-O Bd6 12. Bd2 O-O 13. Nb5 cxb5 14.
Bxb5 Nc6 15. Rac1 a6 16. d5 axb5 17. dxc6 bxc6 18. axb5 cxb5 19. Rfd1 Ne4 20. Bb4 Qe7 21. Bxd6 Nxd6 22. Qb4 Rfd8 23. Rc6 Ne4 24. Rxd8+ Qxd8 25. h3 Qd1+ 26. Kh2 Qd5 27. Rc7 Qe5+ 0-1

[Event "Late-Titled-Tuesday-Blitz-May-28-2024"]
[Site "Chess.com"]
[Date "2024.05.28"]
[Round "1"]
[White "oogee"]
[Black "Galileo22"]
[Result "0-1"]
[WhiteElo "2359"]
[BlackElo "2650"]
[TimeControl "180+1"]
[EndTime "14:04:34 PDT"]
[Termination "Galileo22 won by resignation"]

1. Nf3 c5 2. e4 Nc6 3. d4 cxd4 4.
Nxd4 Nf6 5. Nc3 e5 6. Ndb5 d6 7. Bg5 a6 8. Na3 b5 9. Nd5 Be7 10. Bxf6 Bxf6 11. c3 Ne7 12. Nxf6+ gxf6 13. Nc2 Bb7 14.
Bd3 Rg8 15. O-O f5 16. f3 Qb6+ 17. Kh1 f4 18. a4 Rd8 19. axb5 axb5 20. Nb4 d5 21. Qe2 Kf8 22. Bxb5 dxe4 23. fxe4 Nf5 24. Bc4 Ne3 25. Qh5 Nxc4 26. Rad1 Bxe4 0-1

[Event "Late-Titled-Tuesday-Blitz-May-28-2024"]
[Site "Chess.com"]
[Date "2024.05.28"]
[Round "1"]
[White "JonasGallasch"]
[Black "GianmarcoVaR"]
[Result "0-1"]
[WhiteElo "2406"]
[BlackElo "2707"]
[TimeControl "180+1"]
[EndTime "14:04:35 PDT"]
[Termination "GianmarcoVaR won by resignation"]

1. d4 Nf6 2. c4 e6 3. g3 Bb4+ 4. Nd2 O-O 5. Bg2 d6 6. Nf3 Nc6 7. O-O Bxd2 8. Qxd2 e5 9. b3 Qe7 10. Bb2 Re8 11. e3 Bf5 12. Nh4 Bd7 13. Qc2 e4 14. d5 Nb4 15. Qc3 Nd3 16. Bh1 Nxb2 17. Qxb2 Ng4 18. Rae1 Qg5 19. h3 Ne5 20. Rd1 Bxh3 21. Rfe1 f5 22. Rd4 Qh6 23. b4 g5 0-1

[Event "Late-Titled-Tuesday-Blitz-May-28-2024"]
[Site "Chess.com"]
[Date "2024.05.28"]
[Round "1"]
[White "AryanTari"]
[Black "SuanTiltado"]
[Result "1-0"]
[WhiteElo "3030"]
[BlackElo "2524"]
[TimeControl "180+1"]
[EndTime "14:04:37 PDT"]
[Termination "AryanTari won by resignation"]

1. c4 e6 2. g3 d5 3. Bg2 Nf6 4.
Nf3 c5 5. cxd5 Nxd5 6. O-O Nc6 7. d4 Nf6 8. dxc5 Qxd1 9. Rxd1 Bxc5 10. Nc3 O-O 11.
Bf4 Ng4 12. Ne4 Be7 13. Bd6 Bxd6 14. Nxd6 Rd8 15. Rd2 Kf8 16. Rad1 Ke7 17. h3 Nf6 18. Ng5 Ne5 19. Nf5+ exf5 20. Rxd8 h6 21. Nf3 Ned7 22.
Rh8 Nf8 23. Ne5 Be6 24. Bxb7 Rb8 25. Nc6+ 1-0

[Event "Late-Titled-Tuesday-Blitz-May-28-2024"]
[Site "Chess.com"]
[Date "2024.05.28"]
[Round "1"]
[White "jcibarra"]
[Black "DonMicheleCorleone"]
[Result "1-0"]
[WhiteElo "2906"]
[BlackElo "2498"]
[TimeControl "180+1"]
[EndTime "14:04:39 PDT"]
[Termination "jcibarra won by resignation"]

1. e4 e5 2. Nf3 Nc6 3. d4 exd4 4. Nxd4 Bc5 5. Nb3 Bb6 6. Qe2 d6 7. Nc3 Be6 8. Be3 Nge7 9. O-O-O O-O 10. f4 f5 11. g3 fxe4 12. Bg2 Qc8 13. Nxe4 Bg4 14. Bf3 Bxf3 15. Qxf3 Bxe3+ 16. Qxe3 Nf5 17. Qd3 a5 18. g4 a4 19. gxf5 axb3 20. Qxb3+ Kh8 21. f6 gxf6 22. Rhf1 Ra5 23. Kb1 Qf5 24. Qxb7 Qxe4 25. Qxc7 Rfa8 26. Qxd6 Rxa2 27. Qxf6+ Kg8 28. Rg1+ Qg6 29. Rxg6+ hxg6 30. Qe6+ Kh8 31. Qxa2 1-0

[Event "Late-Titled-Tuesday-Blitz-May-28-2024"]
[Site "Chess.com"]
[Date "2024.05.28"]
[Round "1"]
[White "Blackwhite017"]
[Black "whiteglovethief"]
[Result "0-1"]
[WhiteElo "2044"]
[BlackElo "2547"]
[TimeControl "180+1"]
[EndTime "14:04:43 PDT"]
[Termination "whiteglovethief won on time"]

1. e4 e6 2. Qe2 d5 3. exd5 Nf6 4. dxe6 Bxe6 5. Nc3 Bc5 6. h3 O-O 7. d3 Nc6 8. Nf3 Re8 9. Be3 Bb4 10. a3 Bxc3+ 11.
bxc3 Nd5 12. c4 Qf6 13. Rc1 Nf4 14. Qd2 Bf5 15. g4 Bg6 16. Be2 Ng2+ 17. Kf1 Nxe3+ 18. fxe3 Ne5 19. Kg2 Rad8 20. Rhf1 Nxc4 0-1

[Event "Late-Titled-Tuesday-Blitz-May-28-2024"]
[Site "Chess.com"]
[Date "2024.05.28"]
[Round "1"]
[White "Let_it_be_1"]
[Black "LUISMIGUELOV"]
[Result "1-0"]
[WhiteElo "2577"]
[BlackElo "2241"]
[TimeControl "180+1"]
[EndTime "14:04:45 PDT"]
[Termination "Let_it_be_1 won by resignation"]

1. e4 c6 2. d4 d5 3. Nd2 dxe4 4.
Nxe4 Bf5 5. Ng3 Bg6 6. N1e2 Nd7 7.
c3 e6 8. Nf4 Bd6 9. Ngh5 Ngf6 10. Nxg7+ Ke7 11. Ngh5 Qc7 12. g3 Rae8 13. Nxf6 Nxf6 14.
Bg2 Kd8 15. O-O Rhg8 16. Nxg6 Rxg6 17. Qf3 Kc8 18. c4 h5 19. c5 Bf8 20. Bf4 Qd7 21. Be5 Ng4 22. Rfd1 Nxe5 23. dxe5 Qc7 24. b4 Qxe5 25.
Qxf7 1-0

[Event "Late-Titled-Tuesday-Blitz-May-28-2024"]
[Site "Chess.com"]
[Date "2024.05.28"]
[Round "1"]
[White "kleinebeer98"]
[Black "StoreySniper"]
[Result "1-0"]
[WhiteElo "2964"]
[BlackElo "2515"]
[TimeControl "180+1"]
[EndTime "14:04:51 PDT"]
[Termination "kleinebeer98 won by resignation"]

1. e4 g6 2. d4 Bg7 3. Nc3 c5 4.
dxc5 Bxc3+ 5. bxc3 Nf6 6. Bd3 Qa5 7. Nf3 Qxc3+ 8. Bd2 Qxc5 9. O-O d6 10. Rb1 Nbd7 11.
Re1 O-O 12. Rb5 Qc7 13. e5 dxe5 14. Nxe5 Nxe5 15. Rbxe5 Ng4 16. Bf4 Nxe5 17. Bxe5 Qc5 18. Qd2 f6 19. Bc3 a5 20. Bb2 Bf5 21. Bxf5 Qxf5 22.
Rxe7 Rae8 23. Rxb7 Qxc2 24. Qd5+ Kh8 25. h3 Qe4 26.
Qd7 Qxb7 27. Qxb7 Rb8 28. Bxf6+ 1-0

[Event "Late-Titled-Tuesday-Blitz-May-28-2024"]
[Site "Chess.com"]
[Date "2024.05.28"]
[Round "1"]
[White "shirovin"]
[Black "maximnovik"]
[Result "0-1"]
[WhiteElo "2086"]
[BlackElo "2549"]
[TimeControl "180+1"]
[EndTime "14:04:51 PDT"]
[Termination "maximnovik won on time"]

1. e4 e5 2. Nf3 Nc6 3. Bc4 Nf6 4. d4 exd4 5. O-O Nxe4 6. Re1 d5 7. Bxd5 Qxd5 8.
Nc3 Qa5 9. Rxe4+ Be6 10. Nxd4 Nxd4 11. Qxd4 Rd8 12. Qe3 Bc5 13. Qe2 O-O 14. Rh4 Be7 15. Re4 Bf6 16. Bd2 Bf5 17. Ra4 Qb6 18. Qe3 Qxb2 19. Rb1 Qxc2 20. Rxb7 Bxc3 21. Bxc3 Rd1+ 22.
Be1 Qxa4 0-1

[Event "Late-Titled-Tuesday-Blitz-May-28-2024"]
[Site "Chess.com"]
[Date "2024.05.28"]
[Round "1"]
[White "CarlssonLudvig"]
[Black "VirtualCoach"]
[Result "1-0"]
[WhiteElo "2564"]
[BlackElo "2198"]
[TimeControl "180+1"]
[EndTime "14:04:58 PDT"]
[Termination "CarlssonLudvig won by resignation"]

1. e4 c5 2. Nf3 d6 3. d4 cxd4 4. Nxd4 Nf6 5. Nc3 a6 6. Bg5 Nbd7 7. f4 e6 8. Qf3 Qc7 9. O-O-O Be7 10. g4 b5 11.
Bxf6 Nxf6 12. g5 Nd7 13. f5 Bxg5+ 14. Kb1 Ne5 15. Qh5 Be7 16. Nxe6 Bxe6 17. fxe6 g6 18. exf7+ Kxf7 19. Qh6 Rac8 20. Bh3 b4 21. Rhf1+ Ke8 22. Bxc8 bxc3 23. Qg7 Qxc8 24. Qxh8+ Kd7 25. Qxe5 1-0

[Event "Late-Titled-Tuesday-Blitz-May-28-2024"]
[Site "Chess.com"]
[Date "2024.05.28"]
[Round "1"]
[White "marianokar"]
[Black "Zorbos"]
[Result "0-1"]
[WhiteElo "2413"]
[BlackElo "2722"]
[TimeControl "180+1"]
[EndTime "14:05:00 PDT"]
[Termination "Zorbos won by resignation"]

1. e4 e5 2. Nf3 Nc6 3. Bb5 f5 4. Nc3 fxe4 5. Nxe4 d5 6. Nxe5 dxe4 7. Nxc6 Qg5 8. Ne5+ c6 9. d4 Qxg2 10. Bf1 Qxh1 11.
Qh5+ g6 12. Nxg6 hxg6 13. Qxh8 Kf7 14. Bg5 Bg4 15. Kd2 Be6 16. Bc4 Qxa1 17. Bxe6+ Kxe6 18. Qxg8+ Kf5 19. Qh7 Bb4+ 0-1